 Dungeon Crawl Stone Soup version 0.20-a0-537-g052e6ba (webtiles) character file.

30 HallandMoats the Skirmisher (level 3, -2/29 HPs)
             Began as a Demonspawn Fighter on Jan 29, 2017.
             Killed from afar by a dart slug (7 damage)
             ... with a slug dart
             ... on level 2 of the Dungeon.
             The game lasted 00:01:11 (808 turns).

HallandMoats the Skirmisher (Demonspawn Fighter)     Turns: 808, Time: 00:01:12

Health: -2/29      AC:  9    Str: 16    XL:     3   Next: 3%
Magic:  3/3        EV:  7    Int:  9    God:
Gold:   22         SH:  8    Dex: 13    Spells: 2/2 levels left

rFire    . . .     SeeInvis .   (no weapon)
rCold    . . .     Gourm    .   b - +0 scale mail
rNeg     . . .     Faith    .   c - +0 shield
rPois    .         Spirit   .   (no helmet)
rElec    .         Reflect  .   (no cloak)
rCorr    .         Harm     .   j - +0 pair of gloves
MR       .....                  k - +0 pair of boots
Stlth    ..........             (no amulet)
Regen    0.1/turn               (no ring)
                                (no ring)

@: no status effects
A: hooves 1, powered by death 1
a: no special abilities


You were on level 2 of the Dungeon.
You were not hungry.

You visited 1 branch of the dungeon, and saw 2 of its levels.

You collected 22 gold pieces.

Inventory:

Hand Weapons
 a - a +0 long sword
Armour
 b - a +0 scale mail (worn)
 c - a +0 shield (worn)
 j - a +0 pair of gloves (worn)
 k - a +0 pair of boots (worn)
Scrolls
 g - a scroll of fog {unknown}
 h - a scroll of amnesia {unknown}
 m - a scroll of remove curse {unknown}
Potions
 d - a potion of might
 e - a potion of agility {unknown}
 i - a potion of curing {unknown}
 n - a potion of cure mutation {unknown}
Comestibles
 f - a bread ration
 l - 9 chunks of flesh


   Skills:
 * Level 3.4 Fighting
 * Level 2.4 Long Blades
 + Level 2.8 Armour
 + Level 0.5 Dodging
 - Level 2.6 Shields


You had 2 spell levels left.
You didn't know any spells.

Dungeon Overview and Level Annotations

Branches:
Dungeon (2/15)

Altars:


Innate Abilities, Weirdness & Mutations

You have large cloven feet.
You regenerate a little health from kills.


Message History

The leopard gecko bites you but does no damage.
The quokka barely misses you. You block the hobgoblin's attack.
The leopard gecko bites you but does no damage.
You block the hobgoblin's attack.
The dart slug bites you but does no damage.
You block the quokka's attack. The leopard gecko bites you.
* * * LOW HITPOINT WARNING * * *
You block the hobgoblin's attack. x2; The quokka closely misses you.
The leopard gecko bites you but does no damage.
The dart slug barely misses you. The hobgoblin barely misses you.
The quokka barely misses you. The hobgoblin hits you with a club.
* * * LOW HITPOINT WARNING * * *
The leopard gecko bites you but does no damage.
The quokka bites you but does no damage.
The hobgoblin hits you.
* * * LOW HITPOINT WARNING * * *
The dart slug launches a dart at you. The slug dart hits you!
You die...

.........#..#
##...........#.
...............
...............
...............
...............
.$....g........
.....rg@l......
......r.w......
...........#...
.!........... .
#.#########....
. .... ... ..


You could see a dart slug, a leopard gecko, a quokka, 2 hobgoblins and a rat.

Vanquished Creatures
  A worm (D:1)
  A leopard gecko (D:1)
  5 bats (D:1)
  2 giant cockroaches (D:1)
  A goblin (D:1)
  3 hobgoblins (D:1)
  4 jackals (D:1)
  A ball python (D:1)
  A frilled lizard (D:1)
  A kobold (D:1)
  3 rats (D:1)
23 creatures vanquished.

Notes
Turn   | Place    | Note
-------+----------+-------------------------------------------
     0 | D:1      | HallandMoats the Demonspawn Fighter began the quest for the Orb.
     0 | D:1      | Reached XP level 1. HP: 18/18 MP: 1/1
    75 | D:1      | Gained mutation: You regenerate a little health from kills. [demonic ancestry]
    75 | D:1      | Reached XP level 2. HP: 8/24 MP: 2/2
   777 | D:1      | Gained mutation: You have large cloven feet. [demonic ancestry]
   777 | D:1      | Reached XP level 3. HP: 29/29 MP: 3/3
   808 | D:2      | Killed from afar by a dart slug

Vault maps used:
D:1:      minmay_arrival_open_corners
D:2:      first_bread

Skill      XL: |  1 |
---------------+----+-----
Long Blades    | 2 |  2.4
Fighting       | |  3.4
Armour         | |  2.8
Dodging        | |  0.5
Shields        | |  2.6

Action                   || total
-------------------------++-------
Melee: Long sword        ||    90
Armor: Scale mail        ||    89
Dodge: Dodged            ||    55
Block: Shield            ||    89
       Rpst.: Long sword ||     7
